 Dungeon Crawl Stone Soup version 0.25-a0-110-ge29c8f2358 (webtiles) character file.

Game seed: 4456508077872221598, levelgen mode: deterministic

1220 lukutis69 the Chopper (level 8, -1/70 HPs)
             Began as a Minotaur Berserker on Nov 19, 2019.
             Was an Elder of Trog.
             Slain by Duvessa
             ... wielding a +5 short sword of electrocution
              (9 damage)
             ... on level 5 of the Dungeon.
             The game lasted 00:18:25 (5210 turns).

lukutis69 the Chopper (Minotaur Berserker)          Turns: 5210, Time: 00:18:25

Health: -1/70      AC:  9    Str: 24    XL:     8   Next: 23%
Magic:  7/7        EV: 11    Int:  7    God:    Trog [****..]
Gold:   248        SH:  3    Dex: 10    Spells: 7/7 levels left

rFire    x . .     SeeInvis .   d - +1 dagger (venom)
rCold    + . .     Gourm    +   x - +0 buckler
rNeg     . . .     Faith    .   i - +1 scale mail
rPois    .         Spirit   .   n - +1 hat
rElec    .         Reflect  .   (no cloak)
rCorr    .         Harm     .   (no gloves)
MR       .....                  (no boots)
Stlth    ..........             r - amulet of the gourmand
HPRegen  0.21/turn              j - ring of ice
MPRegen  0.10/turn              z - +3 ring of intelligence

@: about to teleport
A: retaliatory headbutt, horns 2
a: Berserk, Trog's Hand, Brothers in Arms, Renounce Religion


You were on level 5 of the Dungeon.
You worshipped Trog.
Trog was greatly pleased with you.
You were not hungry.

You visited 1 branch of the dungeon, and saw 6 of its levels.

You collected 248 gold pieces.

Inventory:

Hand Weapons
 a - a +0 hand axe
 d - a +1 dagger of venom (weapon)
 f - a +2 mace of protection
 g - a +0 mace
 h - a +2 dagger of freezing
 v - a +0 war axe
 C - a +0 spear of freezing
 D - a +2 whip of electrocution
Armour
 b - a +0 animal skin
 i - a +1 scale mail (worn)
 n - a +1 hat (worn)
 x - a +0 buckler (worn)
Jewellery
 j - a ring of ice (left hand)
 r - an amulet of the gourmand (around neck)
 z - a +3 ring of intelligence (right hand)
Wands
 w - a wand of iceblast (13)
 E - a wand of polymorph (6)
Scrolls
 p - a scroll of enchant armour
 q - 2 scrolls of remove curse
 t - 4 scrolls of identify
 y - a scroll of random uselessness {unknown}
 A - a scroll of immolation {unknown}
 B - a scroll of magic mapping
Potions
 e - a potion of brilliance
 k - a potion of haste
 m - a potion of berserk rage {unknown}
 o - a potion of invisibility {unknown}
 s - a potion of might {unknown}
 u - a potion of ambrosia {unknown}
 F - a potion of agility
Comestibles
 c - 7 rations


   Skills:
 + Level 6.2 Fighting
 * Level 4.2 Short Blades
 * Level 7.2 Axes
 + Level 5.5 Armour
 + Level 5.0 Dodging


You had 7 spell levels left.
You didn't know any spells.
Your spell library contained the following spells:

 Spells                   Type           Power        Failure   Level  Hunger
 Animate Skeleton         Necr           N/A          87%         1    ##.....
 Apportation              Tloc           #.....       87%         1    ##.....
 Confusing Touch          Hex            #.....       87%         1    ##.....
 Summon Small Mammal      Summ           #...         87%         1    ##.....


Dungeon Overview and Level Annotations

Branches:
Dungeon (6/15)
 Temple: D:4-7

Altars:
Cheibriados
Nemelex Xobeh

Annotations:
D:5 Duvessa


Innate Abilities, Weirdness & Mutations

You reflexively headbutt those who attack you in melee.
You have a pair of horns on your head.


Message History

You are too injured to fight recklessly!
You are too injured to fight recklessly!
You hit Duvessa but do no damage.
Duvessa looks as sick as possible!
You headbutt Duvessa, but do no damage.
Duvessa hits you with a +5 short sword of electrocution!
Duvessa hits you with a +5 short sword of electrocution!
* * * LOW HITPOINT WARNING * * *
You barely miss Duvessa. Duvessa hits you but does no damage.
You hit Duvessa.
Duvessa looks as sick as possible!
You headbutt Duvessa! Duvessa closely misses you.
You hit Duvessa but do no damage.
Duvessa looks as sick as possible!
You headbutt Duvessa, but do no damage.
Duvessa hits you with a +5 short sword of electrocution.
* * * LOW HITPOINT WARNING * * *
You are electrocuted!
* * * LOW HITPOINT WARNING * * *
As you read the scroll of teleportation, it crumbles to dust.
You feel strangely unstable. You block Duvessa's attack.
Duvessa hits you with a +5 short sword of electrocution!
You die...

####.#######.## ###..###
#.# ## #. #.# #. # ##'##
#.#. ##...## #.#. #
##.....## #.#.###.#
#.......## #....)).#
.........####..e########
.........+......@.......
.........####...########
#.......## ##..#
##.....## ##.# ##...##
#.# ##'## #.# #.########
#.# #........# #.#
##.######.# #<#


You could see Duvessa (berserk).

Vanquished Creatures
  Eustachio (D:6)
  A phantom (D:4)
  An ogre (D:4)
  3 centaurs
  Dowan (D:5)
  A scorpion (D:4)
  A bullfrog zombie (D:5)
  A crimson imp (D:5)
  4 hounds (D:4)
  An orc priest (D:4)
  An iguana (D:5)
  A bullfrog skeleton (D:4)
  A worker ant (D:4)
  A hound skeleton (D:4)
  4 gnolls (D:5)
  8 adders
  An ooze (D:1)
  A worm (D:3)
  6 dart slugs
  4 leopard geckos
  10 orcs
  11 bats
  4 giant cockroaches
  13 goblins
  8 hobgoblins
  7 jackals
  A quokka (D:3)
  3 ball pythons
  15 frilled lizards
  A jackal skeleton (D:4)
  8 kobolds
  A leopard gecko skeleton (D:4)
  8 rats
133 creatures vanquished.

Notes
Turn   | Place    | Note
-------+----------+-------------------------------------------
     0 | D:1      | lukutis69 the Minotaur Berserker began the quest for the
                  | Orb.
     0 | D:1      | Reached XP level 1. HP: 19/19 MP: 0/0
   228 | D:1      | Reached XP level 2. HP: 25/27 MP: 1/1
   357 | D:1      | Reached skill level 4 in Axes
   494 | D:1      | Reached XP level 3. HP: 33/33 MP: 2/2
   503 | D:1      | Reached ** piety under Trog
  1182 | D:2      | Reached XP level 4. HP: 37/41 MP: 3/3
  1321 | D:2      | Noticed a centaur
  1334 | D:2      | Killed a centaur
  1334 | D:2      | Reached XP level 5. HP: 20/47 MP: 4/4
  1893 | D:3      | Reached *** piety under Trog
  2472 | D:3      | Reached skill level 5 in Fighting
  2479 | D:3      | Reached skill level 5 in Axes
  2562 | D:3      | Found a faded altar of an unknown god.
  2593 | D:3      | Found a sparkling altar of Nemelex Xobeh.
  2727 | D:4      | Reached XP level 6. HP: 33/56 MP: 5/5
  3052 | D:4      | Reached skill level 1 in Short Blades
  3398 | D:4      | Reached XP level 7. HP: 13/61 MP: 6/6
  3959 | D:4      | Reached skill level 6 in Axes
  4059 | D:4      | Reached skill level 5 in Armour
  4338 | D:5      | Entered Level 5 of the Dungeon
  4383 | D:5      | Noticed Eustachio
  4429 | D:6      | Killed Eustachio
  4652 | D:5      | Found a snail-covered altar of Cheibriados.
  4660 | D:5      | Reached **** piety under Trog
  4720 | D:5      | Reached XP level 8. HP: 55/70 MP: 7/7
  4986 | D:5      | Reached skill level 7 in Axes
  5195 | D:5      | Noticed Dowan
  5196 | D:5      | Noticed Duvessa
  5197 | D:5      | Killed Dowan
  5202 | D:5      | Reached skill level 5 in Dodging
  5210 | D:5      | Slain by Duvessa

Levels and vault maps discovered:
D:1:      matt_arrival_los_fun, layout_basic, nrook_loot_triangle
D:2:      layout_rooms, kennysheep_path_1, minmay_tall_x
D:3:      layout_basic, chequers_ecumenical_altar_twisty, first_ration,
          nemelex_altar_shiori
D:4:      layout_loops_corners, nicolae_underground_beach
D:5:      layout_loops_corners, basic_altar, uniq_duvessa, uniq_eustachio
D:6:      layout_cave_pools, serial_shops, shop_fountains, serial_gnoll_camp,
          gnoll_camp_mini_shop, gnoll_camp_medium_01, gnoll_camp_mini_loothouse,
          gnoll_camp_medium_02

Skill      XL: |  1  2  3  4  5  6  7  8 |
---------------+-------------------------+-----
Fighting       | 4 5 6 |  6.2
Axes           | 4 5 6 7 |  7.2
Armour         | 3 4 5 |  5.5
Dodging        | 3 4 5 |  5.0
Short Blades   | 2 3 4 |  4.2

Action                   |  1- 3 |  4- 6 |  7- 9 || total
-------------------------+-------+-------+-------++-------
Melee: Hand axe          |    54 |       |       ||    54
       Headbutt          |    10 |    27 |    28 ||    65
       Dagger            |    19 |   150 |   125 ||   294
       War axe           |       |    20 |       ||    20
  Use: Scroll            |     9 |     1 |     3 ||    13
       Potion            |       |     1 |       ||     1
  Eat: Chunk             |     1 |     7 |     9 ||    17
Armor: Scale mail        |    29 |    75 |    66 ||   170
Dodge: Dodged            |    51 |   107 |    81 ||   239
Block: Buckler           |       |       |    15 ||    15

Table legend:
 A = Non-vault XP
 B = Vault XP
 C = Vault XP percentage of total XP
 D = Non-vault monster count
 E = Vault monster count
 F = Vault count percentage of total count
                 A         B        C        D         E       F
            +---------+---------+-------+---------+---------+-------
      Total |    1441 |     302 |  17.3 |     127 |       6 |   4.5
            +---------+---------+-------+---------+---------+-------
        D:1 |      56 |       0 |   0.0 |      30 |       0 |   0.0
        D:2 |     186 |      22 |  10.6 |      26 |       4 |  13.3
        D:3 |      71 |       0 |   0.0 |      30 |       0 |   0.0
        D:4 |     685 |       0 |   0.0 |      24 |       0 |   0.0
        D:5 |     440 |      72 |  14.1 |      16 |       1 |   5.9
        D:6 |       3 |     208 |  98.6 |       1 |       1 |  50.0
            +---------+---------+-------+---------+---------+-------
